 Dungeon Crawl Stone Soup version 0.27-a0-223-ge082b6e869 (webtiles) character file.

Game seed: 15716481346395955890

12418 puppykicker the Frost Mage (level 11, -3/78 HPs)
             Began as a Barachi Ice Elementalist on Feb 1, 2021.
             Was an Initiate of Hepliaklqana.
             Slain by Snorg (16 damage)
             ... on level 10 of the Dungeon.
             The game lasted 01:14:47 (16703 turns).

puppykicker the Frost Mage (BaIE)                  Turns: 16703, Time: 01:14:47

Health: -3/78      AC: 15    Str: 12    XL:     11   Next: 93%
Magic:  18/28      EV: 14    Int: 23    God:    Hepliaklqana [......]
Gold:   97         SH:  5    Dex: 15    Spells: 3/21 levels left

rFire    . . .     SeeInvis .   a - +9 long sword of Teutext {pain, Dex+3}
rCold    . . .     Faith    .   F - +0 buckler {reflect} {Reflect}
rNeg     . . .     Spirit   .   R - +0 swamp dragon scales
rPois    +         Reflect  +   T - +0 helmet
rElec    .         Harm     .   o - scarf {shadows}
rCorr    .         Rampage  .   Z - +1 pair of gloves
Will     .....     Clarity  +   g - +0 pair of boots
Stlth    +.........             (no amulet)
HPRegen  0.23/turn              h - ring of magical power {MP+9}
MPRegen  0.21/turn              Y - +6 ring of intelligence

@: can't hop, frozen ramparts, slow
A: +LOS, swims, reduced essence, rugged brown scales 1, clarity, slowness 1,
strong legs 1
a: Hop, Renounce Religion, Recall Ancestor, Ancestor Identity


You were on level 10 of the Dungeon.
You worshipped Hepliaklqana.
Hepliaklqana was noncommittal.
You visited 2 branches of the dungeon, and saw 12 of its levels.
You also visited: Bailey.

You collected 614 gold pieces.
You spent 517 gold pieces at shops.

Inventory:

Hand Weapons
 a - the +9 long sword of Teutext (weapon) {pain, Dex+3}
   (You found it on level 8 of the Dungeon)

   In the hands of one skilled in necromantic magic, it inflicts extra damage on
   living creatures.
   It affects your dexterity (+3).
 w - a +4 scimitar of freezing
Missiles
 j - 33 poisoned darts
 l - 9 javelins (quivered)
 u - 4 throwing nets
Armour
 e - a scarf of invisibility
 g - a +0 pair of boots (worn)
 o - a scarf of shadows (worn)
 p - a +0 kite shield
 F - a +0 buckler of reflection (worn) {Reflect}
 R - +0 swamp dragon scales (worn)
 T - a +0 helmet (worn)
 Z - a +1 pair of gloves (worn)
Jewellery
 h - a ring of magical power (left hand) {MP+9}
 Y - a +6 ring of intelligence (right hand)
Wands
 A - a wand of iceblast (26)
 L - a wand of mindburst (13)
 N - a wand of acid (36)
 X - a wand of flame (28)
Scrolls
 c - a scroll of silence {unknown}
 f - a scroll of fog
 i - a scroll of fear {unknown}
 k - 2 scrolls of remove curse
 q - 2 scrolls of amnesia
 t - 2 scrolls of teleportation
 v - 2 scrolls of magic mapping {!r}
 x - 2 scrolls of enchant armour
 P - 5 scrolls of enchant weapon
Potions
 d - 4 potions of resistance
 n - 4 potions of brilliance
 s - 3 potions of flight
 z - 2 potions of berserk rage {!q}
 C - 3 potions of ambrosia
 D - a potion of might
 E - a potion of cancellation
 G - 3 potions of haste
 H - 2 potions of lignification {!q}
 I - 2 potions of attraction {unknown}
 K - 4 potions of heal wounds
 M - a potion of invisibility
 S - 7 potions of mutation {!q}
 U - a potion of experience {unknown}
 V - 3 potions of curing
 W - 3 potions of magic
Miscellaneous
 b - a condenser vane


   Skills:
 + Level 7.3 Fighting
 + Level 7.3 Armour
 + Level 6.9 Dodging
 - Level 1.7 Stealth
 * Level 3.2 Shields
 + Level 5.9 Spellcasting
 - Level 5.0 Conjurations
 - Level 6.0 Summonings
 + Level 3.5 Necromancy
 + Level 3.7 Translocations
 * Level 13.4 Ice Magic


You had 3 spell levels left.
You knew the following spells:

 Your Spells              Type           Power        Failure   Level
a - Freeze                Ice            100%         1%          1
b - Frozen Ramparts       Ice            100%         1%          3
c - Summon Ice Beast      Ice/Summ       51%          3%          4
d - Hailstorm             Conj/Ice       49%          4%          4
p - Blink                 Tloc           N/A          6%          2
v - Vampiric Draining     Necr           11%          13%         3
z - Animate Skeleton      Necr           46%          4%          1

Your spell library contained the following spells:

 Spells                   Type           Power        Failure   Level
 Ensorcelled Hibernation  Hex/Ice        74%          1%          2
 Ozocubu's Armour         Ice            62%          1%          3
 Magic Dart               Conj           100%         2%          1
 Call Imp                 Summ           34%          2%          2
 Pain                     Necr           92%          4%          1
 Gell's Gravitas          Tloc           12%          12%         3
 Corona                   Hex            6%           19%         1
 Conjure Flame            Conj/Fire      18%          21%         3
 Dazzling Flash           Conj/Hex       36%          21%         3
 Slow                     Hex            6%           28%         2
 Mephitic Cloud           Conj/Pois/Air  14%          28%         3
 Confusing Touch          Hex            6%           50%         3
 Tukima's Dance           Hex            6%           50%         3
 Metabolic Englaciation   Hex/Ice        18%          32%         5
 Animate Dead             Necr           11%          41%         4
 Agony                    Necr           23%          77%         5
 Petrify                  Tmut/Erth      6%           88%         4
 Yara's Violent Unravell  Hex/Tmut       3%           99%         5


Dungeon Overview and Level Annotations

Branches:
Dungeon (11/15)            Temple (1/1) D:4            Lair (0/6) D:11
    Orc (0/2) D:9          Bailey (visited)

Altars:
Ashenzari
Cheibriados
Dithmenos
Elyvilon
Fedhas
Gozag
Hepliaklqana
Kikubaaqudgha
Makhleb
Nemelex Xobeh
Okawaru
Qazlal
Ru
Sif Muna
Trog
Uskayaw
Vehumet
Wu Jian
Xom
Yredelemnul
Zin
The Shining One

Shops:
D:6 !*[[[

Annotations:
D:10 Snorg


Innate Abilities, Weirdness & Mutations

You can be seen from farther away. (+LOS)
You can swim through water.
You cover ground slowly.
You can hop short distances.
Your life essence is reduced to manifest your ancestor. (-10% HP)
You are partially covered in rugged brown scales. (AC +1, +3% HP)
You possess an exceptional clarity of mind.


Message History

Casting: Frozen Ramparts (safe; 1% risk of failure)
A chill wind blows around you.
The wall freezes Snorg.
Snorg bites you!
* * * LOW HITPOINT WARNING * * *
Snorg barely misses you. x2
You take 15 damage, and have 34/78 hp.
You now have 21/28 mp.
Unknown command.
Casting: Summon Ice Beast (dangerous; 3% risk of failure)
You can't see any susceptible monsters within range! (Use Z to cast anyway.) Unknown command.
Unknown command.
Casting: Summon Ice Beast (dangerous; 3% risk of failure)
Aiming: Vampiric Draining (dangerous; 13% risk of failure)
Press: ? - help, Shift-Dir - straight line, f - Snorg
Aim: Snorg (lightly wounded, berserk)
You feel life coursing into your body.
The wall freezes Snorg!
Snorg bites you!!
* * * LOW HITPOINT WARNING * * *
Snorg barely misses you. Snorg claws you but does no damage.
The wall freezes Snorg.
Snorg bites you but does no damage. Snorg claws you!
You die...

# ##.#.........# #
#.#.......#.###### #
#.########.......# # ##+##
#..####.# # ##...## #..## #.# ##
##.....## #...###.# ## .##
##.......## #.#...#.# #.
..####<.......Y####...#.#.######.
...).'....>...RT@................
..##.############.#.......######.
.###.##...........#......## #. .#
#..####8###8####.###.## #. .#
#..'........∩8##.# ### #. .#
#.###8###8######.# ##
.###.##...........#.#
.....############...# .#####
##.## ###.#


You could see the friendly your gay dad the ancestor, Snorg (berserk) and a
friendly ice beast (summoned).

Levels and vault maps discovered:
D:1:      dpeg_arrival_arbitrary_c, layout_loops_ring,
          chequers_serial_rivers_small_3, minmay_pentomino_w2
D:2:      minmay_razor_zed, layout_loops_ring, fedhas_ov_isle_minmay,
          lemuel_doored_altar, evilmike_ruin_ashenzari
D:3:      gammafunk_wand_slinger, layout_basic, minmay_joined_circles
D:4:      layout_basic, old_standard_altar, temple_pool_b
D:5:      cheibrodos_fertilizer, layout_basic, kennysheep_ying_yang,
          grunt_ministairs_12, serial_bayou_lagoon_a
D:6:      gammafunk_cloud_chamber, layout_loops_ring, lemuel_crystal_altar,
          serial_shops, nicolae_shop_stone, shop,
          nicolae_shop_overgrown_old_shop, shop, shop
D:7:      layout_rooms, gammafunk_temple_overflow_forgotten, uniq_menkaure,
          uniq_duvessa
D:8:      layout_rooms, tgw_trog, kennysheep_mini_moat, ebering_ghost_gozag,
          uniq_maurice, uniq_pikel, uniq_maggie
D:9:      layout_long_grid, lemuel_coloured_pillars_altar, david_orc_2,
          gammafunk_ghost_spectres, uniq_psyche
D:10:     layout_loops_corners, enter_bailey_8, nicolae_ru_path_of_blood
D:11:     layout_roguey, lair_entry_dummy, enter_trove_6, uniq_fannar,
          uniq_erolcha, uniq_snorg
Temple:   compressed_dpeg_triangle_lava_temple

Notes
Turn   | Place    | Note
-------+----------+-------------------------------------------
     0 | D:1      | puppykicker the Barachi Ice Elementalist began the quest
                  | for the Orb.
     0 | D:1      | Reached XP level 1. HP: 13/13 MP: 3/3
   101 | D:1      | Identified a +0 dagger (You found it on level 1 of the
                  | Dungeon)
   132 | D:1      | Identified a +0 dagger
   206 | D:1      | Identified a +0 pair of boots (You found it on level 1 of
                  | the Dungeon)
   440 | D:1      | Reached skill level 5 in Ice Magic
   441 | D:1      | Reached XP level 2. HP: 20/20 MP: 0/5
   615 | D:1      | Identified a cursed -1 club
   647 | D:1      | Identified a +0 club
   650 | D:1      | Identified a +0 club
   674 | D:1      | Reached skill level 1 in Armour
   675 | D:1      | Reached skill level 1 in Fighting
   837 | D:1      | Identified a +0 dagger
   842 | D:1      | Reached XP level 3. HP: 23/26 MP: 3/6
   894 | D:1      | Learned a level 3 spell: Frozen Ramparts
  1413 | D:2      | Identified a +0 club
  1413 | D:2      | Identified a +0 dagger
  1654 | D:2      | Found a broken altar of Ashenzari.
  1860 | D:2      | Identified a +0 dagger
  1874 | D:2      | Identified 2 scrolls of identify
  1874 | D:2      | Identified a potion of berserk rage
  1875 | D:2      | Identified a potion of might
  2006 | D:2      | Found a sparkling altar of Nemelex Xobeh.
  2023 | D:2      | Identified a scarf of shadows (You found it on level 2 of
                  | the Dungeon)
  2076 | D:2      | Reached XP level 4. HP: 31/32 MP: 2/7
  2390 | D:2      | Identified a +0 chain mail
  2410 | D:2      | Identified 2 potions of brilliance
  2413 | D:2      | Identified a +0 club
  2516 | D:2      | Identified a +0 dagger
  2516 | D:2      | Identified a cursed -3 club
  2570 | D:2      | Identified a +0 club
  2570 | D:2      | Identified a +0 club
  2570 | D:2      | Identified a +0 kite shield
  2573 | D:2      | Identified a +0 club
  2619 | D:2      | Identified a +0 leather armour (You found it on level 2 of
                  | the Dungeon)
  2657 | D:2      | Identified a +0 club
  2738 | D:2      | Identified a +0 club
  2738 | D:2      | Identified a +0 hunting sling
  2879 | D:2      | Identified a +0 whip
  2881 | D:2      | Identified a +0 club
  2897 | D:2      | Reached skill level 2 in Fighting
  3013 | D:2      | Identified a cursed -2 dagger
  3037 | D:2      | Found a blossoming altar of Fedhas.
  3116 | D:2      | Reached XP level 5. HP: 36/38 MP: 5/9
  3126 | D:2      | Reached skill level 6 in Ice Magic
  3216 | D:2      | Identified 3 scrolls of immolation
  3217 | D:2      | Identified 2 scrolls of remove curse
  3276 | D:3      | Identified 2 scrolls of teleportation
  3286 | D:3      | Identified a cursed +0 dagger
  3381 | D:3      | Reached skill level 2 in Armour
  3492 | D:3      | Identified a +0 club
  3496 | D:3      | Identified a +0 hunting sling
  3501 | D:3      | Reached skill level 3 in Dodging
  3501 | D:3      | Identified a +0 dagger
  3501 | D:3      | Identified a +0 robe
  3515 | D:3      | Reached skill level 3 in Spellcasting
  3548 | D:3      | Identified a +0 scimitar
  3548 | D:3      | Identified a +0 chain mail
  3548 | D:3      | Noticed an orc warrior
  3552 | D:3      | Identified a +0 flail
  3552 | D:3      | Identified a +0 ring mail
  3552 | D:3      | Identified a +0 mace
  3552 | D:3      | Identified a +0 dagger
  3552 | D:3      | Identified a +0 robe
  3561 | D:3      | Killed an orc warrior
  3562 | D:3      | Reached XP level 6. HP: 16/46 MP: 2/10
  3737 | D:3      | Identified a +0 dagger
  3737 | D:3      | Identified a +0 hunting sling
  3754 | D:3      | Learned a level 4 spell: Summon Ice Beast
  3758 | D:3      | Identified a +0 club
  3758 | D:3      | Identified a +0 hand axe of flaming
  3789 | D:3      | Identified 2 potions of lignification
  3870 | D:3      | Identified a potion of curing
  3916 | D:3      | Found a transporter.
  3917 | D:3      | Identified a +0 trident
  3917 | D:3      | Identified a +2 leather armour of positive energy
  3945 | D:3      | Found a transporter.
  4032 | D:3      | Identified a +0 club
  4032 | D:3      | Identified a +0 dagger
  4119 | D:3      | Identified a cursed +0 robe (You found it on level 3 of the
                  | Dungeon)
  4230 | D:4      | HP: 11/46 [phantom (7)]
  4231 | D:4      | Identified a +0 club
  4231 | D:4      | Identified a +0 leather armour
  4233 | D:4      | Reached skill level 3 in Fighting
  4233 | D:4      | Reached skill level 3 in Armour
  4233 | D:4      | Reached skill level 1 in Summonings
  4233 | D:4      | Reached XP level 7. HP: 13/52 MP: 1/12
  4497 | D:4      | Reached skill level 7 in Ice Magic
  4556 | D:4      | Found a staircase to the Ecumenical Temple.
  4561 | D:4      | Identified a +0 hand axe
  4613 | Temple   | Entered the Ecumenical Temple
  4923 | D:4      | Identified 2 potions of resistance
  4973 | D:4      | Got a jewelled spear
  4973 | D:4      | Identified a +0 flail
  4973 | D:4      | Identified a +0 ring mail
  5042 | D:4      | Identified the +2 spear of Kindness {freeze, +Rage rC+
                  | Will- Int+3} (You found it on level 4 of the Dungeon)
  5242 | D:4      | Identified a +0 whip
  5299 | D:4      | Identified a cursed -3 dagger
  5299 | D:4      | Identified a +0 scale mail
  5368 | D:4      | Found an ornate altar of the Wu Jian Council.
  5472 | D:4      | Identified a +0 club
  5481 | D:4      | Identified a potion of ambrosia
  5714 | D:5      | Entered Level 5 of the Dungeon
  5740 | D:4      | HP: 11/52 [white imp (3)]
  5740 | D:4      | HP: 2/52 [white imp/puff of frost (9)]
  5741 | D:4      | Identified 3 potions of flight
  6152 | D:5      | Reached skill level 4 in Dodging
  6152 | D:5      | Reached skill level 2 in Summonings
  6237 | D:5      | Learned a level 4 spell: Hailstorm
  6262 | D:5      | Identified a +0 falchion
  6262 | D:5      | Identified a +0 leather armour
  6262 | D:5      | Identified a +0 mace
  6262 | D:5      | Identified a +0 leather armour
  6274 | D:5      | Reached XP level 8. HP: 45/60 MP: 4/13
  6357 | D:5      | Reached skill level 4 in Spellcasting
  6357 | D:5      | Identified a +0 shortbow
  6370 | D:5      | Reached skill level 4 in Fighting
  6370 | D:5      | Reached skill level 1 in Conjurations
  6374 | D:5      | Reached skill level 4 in Armour
  6374 | D:5      | Reached skill level 8 in Ice Magic
  6580 | D:5      | Reached skill level 3 in Summonings
  6597 | D:5      | Identified a +0 dagger
  6597 | D:5      | Identified a +0 robe
  6603 | D:5      | Identified a +0 flail
  6603 | D:5      | Identified a +0 whip
  6789 | D:5      | Identified a +0 whip
  6789 | D:5      | Identified a +0 robe
  6789 | D:5      | Identified a +0 spear
  6789 | D:5      | Identified a +0 halberd
  6790 | D:5      | Identified a +0 halberd
  6792 | D:5      | Identified a +0 flail
  6815 | D:5      | Reached skill level 2 in Conjurations
  6903 | D:5      | Identified a +0 pair of gloves (You found it on level 5 of
                  | the Dungeon)
  7224 | D:5      | Identified a cursed -3 short sword
  7224 | D:5      | Identified a +0 dagger
  7224 | D:5      | Identified a +0 short sword
  7224 | D:5      | Identified a +0 whip
  7289 | D:5      | Reached skill level 9 in Ice Magic
  7298 | D:5      | Identified a cursed -2 buckler (You found it on level 5 of
                  | the Dungeon)
  7322 | D:5      | Identified a +0 short sword
  7335 | D:5      | Noticed a slime creature
  7336 | D:5      | Reached skill level 4 in Summonings
  7341 | D:5      | Killed a slime creature
  7342 | D:5      | Reached skill level 3 in Conjurations
  7434 | D:5      | Noticed a slime creature
  7442 | D:5      | Killed a slime creature
  7443 | D:5      | Reached XP level 9. HP: 59/65 MP: 6/15
  7449 | D:5      | Reached skill level 5 in Summonings
  7667 | D:5      | Found a white marble altar of Elyvilon.
  7701 | D:5      | Identified a +0 dagger
  7724 | D:5      | Reached skill level 4 in Conjurations
  7724 | D:5      | Reached skill level 10 in Ice Magic
  7764 | D:5      | Found a basalt altar of Yredelemnul.
  8063 | D:6      | Found a snail-covered altar of Cheibriados.
  8065 | D:6      | Identified a +0 chain mail
  8101 | D:6      | Found Vugasch's Antique Armour Boutique.
  8118 | D:6      | Identified a +0 flail
  8128 | D:6      | Identified a +1 dagger of venom
  8136 | D:6      | Identified a +0 dagger
  8136 | D:6      | Identified a +0 robe
  8218 | D:6      | Bought a dyed leather armour for 160 gold pieces
  8228 | D:6      | Identified a +2 leather armour of fire resistance (You
                  | bought it in a shop on level 6 of the Dungeon)
  8361 | D:6      | Found Quinn's General Store.
  8375 | D:6      | Bought a scroll of amnesia for 35 gold pieces
  8375 | D:6      | Identified a ring of magical power (You found it on level 6
                  | of the Dungeon)
  8529 | D:6      | Identified 2 potions of haste
  8539 | D:6      | You fall into a shaft and drop 2 floors!
  8540 | D:8      | Identified a +2 short sword of holy wrath
  8540 | D:8      | Identified a +0 cloak
  8540 | D:8      | Noticed Maurice
  8543 | D:7      | Identified a +5 spear
  8543 | D:7      | Identified a +0 robe
  8543 | D:7      | Identified a cursed +3 mace of freezing
  8543 | D:7      | Identified a +0 robe
  8543 | D:7      | Identified a +4 short sword
  8543 | D:7      | Identified a +0 robe
  8543 | D:7      | Identified a cursed +0 scimitar
  8543 | D:7      | Identified a +0 robe
  8543 | D:7      | Identified a +0 halberd
  8543 | D:7      | Identified a +0 robe
  8543 | D:7      | Identified a cursed -1 halberd
  8543 | D:7      | Identified a +0 robe
  8543 | D:7      | Identified a +3 scimitar of freezing
  8543 | D:7      | Identified a +0 robe
  8543 | D:7      | Identified a +1 mace
  8543 | D:7      | Identified a +0 robe
  8545 | D:7      | Noticed Menkaure
  8612 | D:6      | Found Gogala Numo's Distillery.
  8619 | D:6      | Identified 2 potions of degeneration
  8691 | D:6      | Found Ynloaloi's Armour Shop.
  8693 | D:6      | Found Sizy's Antique Armour Shoppe.
  8780 | D:6      | Identified a +0 dagger
  8780 | D:6      | Identified a +0 robe
  8780 | D:6      | Identified a cursed +0 hand axe
  8780 | D:6      | Identified a +0 chain mail
  8780 | D:6      | Identified a +0 short sword
  8781 | D:6      | Identified a +0 club
  8781 | D:6      | Identified a +0 ring mail
  8781 | D:6      | Identified a +0 whip
  8834 | D:6      | Found a transporter.
  8866 | D:6      | Identified a scarf of invisibility (You found it on level 6
                  | of the Dungeon)
  8916 | D:6      | Reached skill level 6 in Summonings
  8981 | D:6      | Found a transporter.
  8981 | D:6      | Identified a +0 giant spiked club of venom
  8981 | D:6      | Identified a +0 long sword of venom
  8982 | D:6      | Identified a +2 mace of venom
  9088 | D:6      | Bought a scroll of magic mapping for 35 gold pieces
  9110 | D:6      | HP: 11/65 [vampire mosquito (8)]
  9115 | D:6      | Reached skill level 5 in Conjurations
  9116 | D:6      | Reached skill level 11 in Ice Magic
  9385 | D:7      | Identified a +0 dagger
  9385 | D:7      | Identified a +0 leather armour
  9385 | D:7      | Identified a +0 hand axe
  9385 | D:7      | Identified a +0 leather armour
  9386 | D:7      | Identified a +1 vorpal hand axe
  9626 | D:7      | Identified a +0 trident
  9626 | D:7      | Identified a +0 scale mail
  9743 | D:7      | Identified a +5 great sword of freezing
  9743 | D:7      | Identified a +0 robe
  9749 | D:7      | Identified a +0 halberd
  9749 | D:7      | Identified a +0 robe
  9752 | D:7      | Identified a cursed +0 mace
  9752 | D:7      | Identified a +0 robe
  9946 | D:7      | Identified a +0 robe
  9957 | D:7      | Identified a +0 trident
  9957 | D:7      | Identified a +0 scale mail
  9961 | D:7      | Identified a +0 short sword
  9961 | D:7      | Identified a +0 ring mail
  9967 | D:7      | Reached XP level 10. HP: 39/73 MP: 9/16
 10204 | D:7      | Reached skill level 5 in Fighting
 10216 | D:7      | Reached skill level 5 in Armour
 10444 | D:7      | Identified a +0 chain mail
 10532 | D:7      | Reached skill level 5 in Dodging
 10660 | D:7      | Identified a +0 whip
 10660 | D:7      | Identified a +0 chain mail
 10660 | D:7      | Identified a +0 dagger
 10660 | D:7      | Identified a cursed +0 robe
 10663 | D:7      | Killed Menkaure
 10974 | D:7      | Got a brightly glowing plate armour
 10989 | D:7      | Found a stormy altar of Qazlal.
 10990 | D:7      | Found a glowing silver altar of Zin.
 10999 | D:7      | Learned a level 1 spell: Animate Skeleton
 11003 | D:7      | Learned a level 3 spell: Vampiric Draining
 11003 | D:7      | Found a sacrificial altar of Ru.
 11043 | D:7      | Identified a +0 dagger
 11043 | D:7      | Identified a +0 robe
 11043 | D:7      | Noticed Dowan
 11044 | D:7      | Identified a +0 short sword
 11044 | D:7      | Identified a +0 scale mail
 11044 | D:7      | Noticed Duvessa
 11051 | D:7      | Killed Dowan
 11057 | D:7      | Identified a +0 dire flail
 11057 | D:7      | Identified a +0 plate armour
 11073 | D:7      | Killed Duvessa
 11278 | D:7      | Identified a potion of cancellation
 11345 | D:8      | Identified a +0 giant club
 11345 | D:8      | Identified a +0 giant spiked club
 11345 | D:8      | Noticed a two-headed ogre
 11352 | D:8      | Killed a two-headed ogre
 11353 | D:8      | Reached skill level 1 in Necromancy
 11353 | D:8      | Reached skill level 12 in Ice Magic
 11353 | D:8      | Identified a +0 whip of freezing
 11353 | D:8      | Identified a +0 robe
 11353 | D:8      | Noticed Pikel
 11361 | D:8      | Killed Pikel
 11484 | D:8      | Learned a level 2 spell: Blink
 11506 | D:8      | Identified a +0 robe
 11526 | D:8      | Killed Maurice
 11527 | D:8      | Reached skill level 6 in Fighting
 11599 | D:8      | Reached skill level 6 in Armour
 11880 | D:8      | Noticed a moth of wrath
 11884 | D:8      | Found a bloodstained altar of Trog.
 11922 | D:8      | Got a transparent long sword
 11923 | D:8      | Identified the +9 long sword of Teutext {pain, Dex+3} (You
                  | found it on level 8 of the Dungeon)
 11984 | D:8      | Reached skill level 1 in Translocations
 12025 | D:8      | Identified a +0 hand axe
 12025 | D:8      | Identified a +0 chain mail
 12027 | D:8      | Identified a +0 dagger of electrocution
 12027 | D:8      | Identified a +0 robe
 12027 | D:8      | Identified a +0 flail
 12027 | D:8      | Identified a +0 dagger
 12027 | D:8      | Identified a +0 ring mail
 12028 | D:8      | Identified a +0 whip
 12028 | D:8      | Identified a +0 chain mail
 12064 | D:8      | Identified a scroll of fog
 12089 | D:8      | Found a runed translucent gate.
 12090 | D:8      | Found a runed translucent gate.
 12090 | D:8      | Found an opulent altar of Gozag.
 12092 | D:8      | Found a runed translucent gate.
 12093 | D:8      | Noticed niangp's ghost (novice MiBe)
 12096 | D:8      | Identified a +0 giant spiked club
 12096 | D:8      | Identified a +0 giant club
 12096 | D:8      | Noticed a two-headed ogre
 12103 | D:8      | Identified a +0 scimitar
 12103 | D:8      | Identified +0 swamp dragon scales
 12103 | D:8      | Noticed Maggie
 12105 | D:8      | HP: 19/76 [acid (9)]
 12108 | D:8      | HP: 8/114 [Maggie/bolt of fire (21)]
 12110 | D:8      | Killed Maggie
 12111 | D:8      | Reached skill level 2 in Necromancy
 12183 | D:8      | Identified the +2 plate armour of Lassoiss {Dex+5} (You
                  | found it on level 7 of the Dungeon)
 12195 | D:8      | Identified 2 scrolls of enchant armour
 12406 | D:8      | Found a shimmering altar of Xom.
 12526 | D:9      | Identified a +0 dire flail
 12526 | D:9      | Identified a +0 chain mail
 12526 | D:9      | Identified a cursed +0 leather armour
 12526 | D:9      | Identified a +0 mace
 12526 | D:9      | Identified a +0 hand axe
 12526 | D:9      | Identified a +0 ring mail
 12536 | D:9      | Identified a cursed -2 short sword
 12536 | D:9      | Identified a +0 leather armour
 12545 | D:9      | Identified a +0 halberd
 12545 | D:9      | Identified a +0 morningstar
 12555 | D:9      | Identified a +0 battleaxe
 12555 | D:9      | Identified a +0 plate armour
 12555 | D:9      | Identified a +0 club
 12556 | D:9      | Identified a cursed +0 flail
 12559 | D:9      | Identified a +0 spear
 12559 | D:9      | Identified a +0 trident
 12559 | D:9      | Identified a +0 leather armour
 12561 | D:9      | Identified a +0 chain mail
 12591 | D:9      | Reached skill level 5 in Spellcasting
 12660 | D:9      | Found a staircase to the Orcish Mines.
 12669 | D:9      | Identified a +0 spear
 12669 | D:9      | Identified a +0 club
 12670 | D:9      | Identified a +0 whip
 12671 | D:9      | Identified a +0 club
 12671 | D:9      | Identified a +0 leather armour
 12671 | D:9      | Identified a +0 halberd
 12677 | D:9      | Reached skill level 6 in Dodging
 12677 | D:9      | Reached XP level 11. HP: 79/81 MP: 18/18
 12677 | D:9      | Identified a +0 scimitar
 12677 | D:9      | Identified a +0 plate armour
 12686 | D:9      | Reached skill level 2 in Translocations
 12943 | D:9      | Identified a +0 mace
 12943 | D:9      | Identified a +0 plate armour
 13061 | D:9      | Identified a +0 dagger of chaos
 13061 | D:9      | Identified a +0 robe
 13061 | D:9      | Noticed Psyche
 13174 | D:9      | Killed Psyche
 13224 | D:9      | Identified a +0 mace
 13225 | D:9      | Identified a +0 falchion
 13225 | D:9      | Identified a +0 chain mail
 13227 | D:9      | Found a runed translucent gate.
 13227 | D:9      | Found a runed translucent gate.
 13236 | D:9      | Found a runed translucent gate.
 13237 | D:9      | Noticed SkeletonJelly's ghost (novice OpBe)
 13340 | D:9      | Identified a +0 shortbow
 13340 | D:9      | Identified a cursed -1 robe
 13587 | D:9      | Identified a +0 giant spiked club
 13587 | D:9      | Identified a +0 dire flail of holy wrath
 13587 | D:9      | Noticed a two-headed ogre
 13598 | D:9      | Killed a two-headed ogre
 13812 | D:9      | Found a hazy altar of Hepliaklqana.
 13820 | D:9      | Became a worshipper of Hepliaklqana the Forgotten
 14699 | D:6      | Identified 5 scrolls of enchant weapon
 14737 | D:6      | Bought a +0 buckler of reflection for 85 gold pieces
 14795 | D:6      | Bought a potion of heal wounds for 70 gold pieces
 14837 | D:6      | Bought a cursed amulet of inaccuracy for 20 gold pieces
 14926 | D:8      | Killed niangp's ghost
 14927 | D:8      | Reached skill level 1 in Shields
 14927 | D:8      | Reached skill level 3 in Necromancy
 14927 | D:8      | Reached skill level 3 in Translocations
 14927 | D:8      | Reached skill level 13 in Ice Magic
 14932 | D:8      | Killed a two-headed ogre
 14933 | D:8      | Reached skill level 7 in Fighting
 15035 | D:6      | Bought a potion of invisibility for 112 gold pieces
 15148 | D:9      | Reached skill level 7 in Armour
 15149 | D:9      | Killed SkeletonJelly's ghost
 15150 | D:9      | Reached skill level 2 in Shields
 15299 | D:9      | Identified a +0 helmet (You found it on level 9 of the
                  | Dungeon)
 15316 | D:10     | Entered Level 10 of the Dungeon
 15351 | D:10     | Found a flagged portal.
 15384 | D:10     | Identified a +0 shortbow
 15415 | Bailey   | Entered a bailey
 15436 | Bailey   | Identified a +2 halberd of electrocution
 15436 | Bailey   | Identified a +1 halberd of electrocution
 15442 | Bailey   | Identified a +0 halberd
 15505 | Bailey   | Identified a +2 halberd of electrocution
 15508 | Bailey   | Identified a +1 halberd of electrocution
 15561 | Bailey   | Identified a +0 halberd
 15568 | Bailey   | Identified a +0 halberd of electrocution
 15581 | Bailey   | Identified a +1 halberd of electrocution
 15598 | Bailey   | Identified a +0 halberd
 15634 | Bailey   | Identified a +2 halberd of electrocution
 15634 | Bailey   | Identified a +2 halberd of electrocution
 15634 | Bailey   | Identified a +2 halberd of electrocution
 15635 | Bailey   | Identified a +0 battleaxe
 15635 | Bailey   | Identified a +0 chain mail
 15635 | Bailey   | Noticed an orc knight
 15635 | Bailey   | Identified a +0 halberd of electrocution
 15645 | Bailey   | Killed an orc knight
 15834 | D:10     | Identified a potion of magic
 15845 | D:10     | Got a masterwork lajatang
 15851 | D:10     | Identified the +6 lajatang "Jiacis" {vorpal, *Noise +Blink
                  | +Inv rPois Int+4} (You found it on level 10 of the Dungeon)
 15901 | D:10     | Identified a +0 mace
 15954 | D:10     | Identified a +0 falchion
 15954 | D:10     | Identified a +0 hand crossbow of freezing
 15962 | D:10     | Identified a +0 dagger
 15962 | D:10     | Identified a +0 robe
 15963 | D:10     | Identified a +0 hand axe
 15964 | D:10     | Identified a +0 glaive
 15964 | D:10     | Identified a +0 plate armour
 16045 | D:10     | Identified a +0 dagger
 16116 | D:10     | Reached skill level 3 in Shields
 16133 | D:10     | Found a sacrificial altar of Ru.
 16196 | D:10     | Identified a ring of intelligence (You found it on level 10
                  | of the Dungeon)
 16419 | D:10     | Identified a +1 pair of gloves (You found it on level 10 of
                  | the Dungeon)
 16428 | D:10     | Identified 8 potions of mutation
 16428 | D:10     | Gained mutation: You are partially covered in rugged brown
                  | scales. (AC +1, +3% HP) [potion of mutation]
 16428 | D:10     | Gained mutation: You possess an exceptional clarity of
                  | mind. [potion of mutation]
 16566 | D:10     | Identified a +0 trident
 16567 | D:10     | Identified a +0 hand axe
 16567 | D:10     | Identified a +0 chain mail
 16569 | D:10     | Identified a +0 dagger
 16569 | D:10     | Identified a cursed +0 robe
 16693 | D:11     | Found a staircase to the Lair.
 16693 | D:11     | Noticed Snorg
 16703 | D:10     | HP: 13/78 [Snorg (24)]
 16703 | D:10     | Slain by Snorg

Table legend: (Time is in decaauts)
 A = Elapsed time spent in this place.
 B = Non-inter-level travel time spent in this place.
 C = Inter-level travel time spent in this place.
 D = Time resting spent in this place.
 E = Time spent auto-exploring this place.
 F = Levels seen in this place.
 G = Mean time per level.
                   A        B        C        D        E       F      G
               +--------+--------+--------+--------+--------+-----+--------+
         Total |  18454 |  16868 |   1586 |   6558 |   6932 |  13 | 1419.5 |
       Dungeon |  17731 |  16168 |   1563 |   6396 |   6541 |  11 | 1611.9 |
        Temple |    289 |    266 |     23 |      0 |    261 |   1 |  289.0 |
        Bailey |    433 |    433 |      0 |    162 |    129 |   1 |  433.0 |
               +--------+--------+--------+--------+--------+-----+--------+

Top non-repeatable levels by time:
     D:6: 2576 daAuts
     D:5: 2299 daAuts
     D:2: 1963 daAuts
     D:9: 1808 daAuts
     D:3: 1757 daAuts
     D:1: 1607 daAuts
     D:4: 1542 daAuts
     D:7: 1522 daAuts
     D:8: 1487 daAuts
    D:10: 1165 daAuts
  Bailey: 433 daAuts
  Temple: 289 daAuts
    D:11: 1 daAuts

Table legend:
 A = Kills in this place as a percentage of kills in entire the game.
 B = Kills by you in this place as a percentage of kills by you in the entire game.
 C = Kills by friends in this place as a percentage of kills by friends in the entire game.
 D = Other kills in this place as a percentage of other kills in the entire game.
 E = Experience gained in this place as a percentage of experience gained in the entire game.
 F = Experience gained in this place divided by the number of levels of this place that you have seen.
                   A       B       C       D       E      F
               +-------+-------+-------+-------+-------+----------------------
         Total | 100.0 | 100.0 | 100.0 |   N/A | 100.0 | 1364.7
       Dungeon |  91.2 |  90.5 |  95.9 |   N/A |  95.4 | 1538.1
        Bailey |   8.8 |   9.5 |   4.1 |   N/A |   4.6 | 822.0
               +-------+-------+-------+-------+-------+----------------------

Skill      XL: |  1  2  3  4  5  6  7  8  9 10 11 |
---------------+----------------------------------+-----
Ice Magic      | 5 6 7 9 11 12 13 | 13.4
Armour         | 1 2 3 4 6 7 |  7.3
Fighting       | 1 2 3 4 6 7 |  7.3
Dodging        | 3 4 6 |  6.9
Spellcasting   | 3 4 5 |  5.9
Summonings     | 1 2 4 6 |  6.0
Conjurations   | 3 5 |  5.0
Necromancy     | 2 3 |  3.5
Translocations | 1 3 |  3.7
Shields        | 3 |  3.2
Stealth        | |  1.7

Action                   |  1- 3 |  4- 6 |  7- 9 | 10-12 || total
-------------------------+-------+-------+-------+-------++-------
Melee: Dagger            |    62 |    59 |       |       ||   121
       Scimitar          |       |    25 |    92 |       ||   117
       Spear             |       |       |   142 |    89 ||   231
       Long sword        |       |       |       |   114 ||   114
       Unarmed           |       |       |       |     4 ||     4
 Fire: Hunting sling     |       |    11 |       |       ||    11
       Shortbow          |       |       |     3 |       ||     3
Throw: Dart              |     3 |    11 |       |       ||    14
       Javelin           |       |       |     5 |     4 ||     9
 Cast: Freeze            |    47 |    30 |    59 |    15 ||   151
       Frozen Ramparts   |     3 |    14 |    35 |    50 ||   102
       Summon Ice Beast  |       |       |    20 |    54 ||    74
       Animate Skeleton  |       |       |       |    25 ||    25
       Hailstorm         |       |       |       |    28 ||    28
       Vampiric Draining |       |       |       |     1 ||     1
Invok: Recall Ancestor   |       |       |       |     1 ||     1
       Ancestor Identity |       |       |       |     1 ||     1
 Abil: Hop               |     1 |     1 |     4 |     3 ||     9
Evoke: Wand              |       |       |     1 |     4 ||     5
  Use: Scroll            |     2 |     7 |     6 |     6 ||    21
       Potion            |       |       |     3 |     3 ||     6
 Stab: Sleeping          |     2 |       |     2 |       ||     4
       Distracted        |       |       |       |     2 ||     2
Armor: Robe              |    21 |     2 |       |       ||    23
       Leather armour    |       |    18 |    61 |    30 ||   109
       Swamp dragon scal |       |       |       |    56 ||    56
       Skin              |       |       |       |     3 ||     3
Dodge: Dodged            |    57 |    66 |   226 |   162 ||   511
Block: Buckler           |       |       |       |    17 ||    17
       Reflection        |       |       |       |     1 ||     1
       Rpst.: Scimitar   |       |     4 |    36 |       ||    40
       Long sword        |       |       |       |    23 ||    23

Vanquished Creatures
  The ghost of niangp the Cleaver, a novice MiBe of Trog (D:8)
  3 two-headed ogres
  Pikel (D:8)
  An orc knight (Bailey)
  Maurice (D:8)
  Maggie (D:8)
  Psyche (D:9)
  2 trolls (D:9)
  2 slime creatures (D:5)
  A wraith (D:9)
  2 wyverns
  A vampire mosquito (D:6)
  2 water moccasins (D:10)
  Duvessa (D:7)
  8 orc warriors
  4 sky beasts
  3 centaurs
  A phantom (D:4)
  A lemure (D:8)
  2 big kobolds (D:5)
  9 bullfrogs
  Dowan (D:7)
  2 scorpions
  2 wights (D:7)
  15 killer bees
  7 howler monkeys
  5 jellies
  A bullfrog zombie (D:5)
  9 hounds
  A centaur zombie (D:6)
  A centaur skeleton (D:5)
  2 bullfrog skeletons
  2 gnoll shamans
  8 orc priests
  5 worker ants
  8 orc wizards
  25 gnolls
  12 adders
  An orc zombie (D:6)
  3 shadow imps
  2 white imps (D:4)
  3 ufetubi
  8 oozes
  An adder zombie (D:5)
  An adder skeleton (D:4)
  7 worms
  A dart slug (D:1)
  3 leopard geckos
  42 orcs
  6 giant cockroaches
  18 goblins
  19 hobgoblins
  15 jackals
  21 kobolds
  A quokka (D:2)
  2 ball pythons
  7 bats
  6 frilled lizards
  A jackal skeleton (D:8)
  2 quokka skeletons
  14 rats
338 creatures vanquished.

Vanquished Creatures (collateral kills)
  The ghost of SkeletonJelly the Spear-Bearer, a novice OpBe of Trog (D:9)
  2 wraiths (D:9)
  Menkaure (D:7)
  A vampire mosquito (D:6)
  3 ice beasts
  A lemure (D:8)
  A phantom (D:9)
  A bullfrog (D:7)
  A scorpion (D:5)
  9 wights
  A killer bee (D:7)
  A centaur zombie (D:7)
  3 orc priests (D:7)
  A bullfrog skeleton (D:7)
  A centaur skeleton (D:8)
  An orc wizard (D:7)
  A killer bee zombie (D:8)
  An ogre zombie (D:6)
  A gnoll (Bailey)
  An orc zombie (D:6)
  3 shadow imps
  A nameless horror (D:7)
  3 white imps
  2 oozes (D:5)
  3 orcs
  A giant cockroach (D:8)
  2 jackals
  A kobold (Bailey)
  A quokka (D:10)
  A quokka skeleton (D:9)
51 creatures vanquished.

Vanquished Creatures (others)
  2 ancestors
  6 fungi (D:5)
  54 plants
  9 toadstools (D:5)
71 creatures vanquished.

Grand Total: 460 creatures vanquished
